Map: Terraform LE (Void)

Players

Jay

  • Race: Zerg Zerg
  • League: Platinum

Orzo - Winner!

  • Race: Protoss Protoss
  • League: Diamond

VOD

Have the link to the VOD?

Description

Time

  • Played on: Oct. 2, 2015, 8:51 p.m.
  • Length: 6:44
Show
View Real Time Build Order
Export as new Build Order

Jay Zerg 

Build Orders: Hatch First 

Get SALT Encoding   

  12  0:01  Drone  
  13  0:09  Drone  
  14  0:17  Drone, Extractor  
  14  0:20  Extractor  
  13  0:22  Drone  
  16  0:29  Overlord  
  16  0:47  Drone  
  16  0:48  Drone  
  18  0:59  Hatchery  
  18  1:03  Drone  
  18  1:07  Drone  
  19  1:16  Spawning Pool  
  18  1:18  Drone  
  19  1:28  Drone  
  20  1:41  Hatchery  
  20  1:45  Drone  
  20  2:04  Drone, Overlord  
  21  2:11  Drone  
  21  2:12  Queen  
  24  2:17  Queen  
  26  2:24  Drone  
  26  2:25  Drone  
  28  2:31  Drone  
  29  2:39  Drone x2  
  29  2:43  Overlord  
  31  2:57  Queen  
  33  2:59  Zergling x6  
  33  3:00  Drone  
  33  3:03  Extractor  
  33  3:04  Drone, Extractor  
  33  3:05  Drone  
  37  3:10  Drone  
  38  3:15  Overlord  
  38  3:30  Drone x7  
  38  3:31  Drone  
  46  3:35  Drone  
  46  3:37  Queen  
  46  3:39  Queen  
  51  3:54  Overlord  
  51  3:55  Overlord  
  51  3:56  Drone x2  
  51  3:57  Drone x5  
  58  4:12  Overlord x2  
  58  4:15  Drone x3, Extractor  
  58  4:16  Drone x3, Extractor  
  62  4:25  Roach Warren  
  62  4:28  Evolution Chamber  
  62  4:29  Evolution Chamber  
  59  4:44  Drone x3  
  59  4:45  Drone x3, Overlord  
  65  4:58  Lair  
  65  4:59  Drone  
  66  5:07  Roach x7  
  72  5:14  Roach x3  
  84  5:22  Roach x2  
  84  5:23  Roach  
  88  5:35  Roach x5  
  90  5:42  Roach  
  84  5:55  Roach x2  
  65  6:13  Roach x3  
  65  6:14  Roach x3  
  66  6:23  Roach x3  
  42  6:37  Ravager  
  42  6:38  Ravager  
  42  6:41  Ravager  
Show
View Real Time Build Order
Export as new Build Order

Orzo Protoss - Winner!

Build Orders:  

Get SALT Encoding   

  12  0:01  Probe (Chrono Boost)  
  13  0:11  Probe (Chrono Boost)  
  14  0:15  Assimilator  
  14  0:23  Pylon  
  14  0:28  Probe (Chrono Boost)  
  15  0:42  Probe (Chrono Boost)  
  16  0:46  Gateway  
  16  0:52  Probe (Chrono Boost)  
  17  1:03  Probe (Chrono Boost)  
  18  1:13  Probe (Chrono Boost)  
  19  1:24  Probe (Chrono Boost)  
  20  1:33  Cybernetics Core  
  20  1:34  Probe (Chrono Boost)  
  21  1:46  Nexus  
  21  1:49  Probe (Chrono Boost)  
  22  1:55  Pylon  
  22  1:59  Probe (Chrono Boost)  
  23  2:11  Robotics Facility  
  23  2:18  Mothership Core (Chrono Boost)  
  23  2:20  Warp Gate  
  25  2:36  Probe (Chrono Boost)  
  26  2:47  Probe (Chrono Boost)  
  26  2:50  Forge  
  27  2:51  Gateway  
  27  2:57  Probe (Chrono Boost)  
  27  2:58  Warp Prism (Chrono Boost)  
  28  2:59  Probe (Chrono Boost)  
  31  3:09  Probe  
  31  3:10  Probe  
  31  3:11  Protoss Ground Weapons Level 1 (Chrono Boost)  
  33  3:21  Probe, Pylon  
  34  3:30  Immortal (Chrono Boost)  
  34  3:33  Probe  
  39  3:38  Probe  
  40  3:45  Probe  
  41  3:50  Probe  
  41  3:54  Gateway  
  42  3:56  Gateway  
  42  3:57  Probe  
  43  4:06  Immortal (Chrono Boost)  
  47  4:15  Gateway  
  47  4:16  Gateway  
  47  4:21  Gateway  
  47  4:25  Gateway x2  
  47  4:44  Zealot x2  
  51  4:51  Pylon  
  51  4:54  Pylon  
  51  4:57  Pylon  
  51  5:00  Pylon  
  51  5:03  Probe  
  51  5:05  Pylon  
  52  5:10  Probe  
  53  5:14  Zealot x5  
  53  5:20  Sentry  
  65  5:32  Zealot x2  
  61  5:44  Stalker x2  
  61  5:45  Zealot x4  
  63  6:08  Zealot x5  
  63  6:09  Zealot x2  
  65  6:24  Zealot  
  65  6:28  Zealot  
  65  6:29  Zealot x6  
Tags
 
Add a new tag
Caveats
  • Supply blocks, unpowered buildings, or Contaminate may cause inaccurate times.
  • Supply counts are checked every 10 seconds.